 Dungeon Crawl Stone Soup version 0.23.2-1-ga50397a (webtiles) character file.

Game seed: 16329652003081150570

26 Borgoz the Slasher (level 2, -7/22 HPs)
             Began as a Demonspawn Gladiator on May 15, 2019.
             Mangled by Terence
             ... wielding a +4 short sword of distortion
              (19 damage)
             ... on level 2 of the Dungeon.
             The game lasted 00:01:23 (971 turns).

Borgoz the Slasher (Demonspawn Gladiator)            Turns: 971, Time: 00:01:23

Health: -7/22      AC:  7    Str: 14    XL:     2   Next: 89%
Magic:  2/2        EV: 10    Int:  9    God:
Gold:   55         SH:  0    Dex: 14    Spells: 1/1 levels left

rFire    + . .     SeeInvis .   a - +0 long sword
rCold    . . .     Gourm    .   (no shield)
rNeg     . . .     Faith    .   g - +0 scale mail
rPois    .         Spirit   .   c - +0 helmet
rElec    .         Reflect  .   (no cloak)
rCorr    .         Harm     .   (no gloves)
MR       .....                  (no boots)
Stlth    ..........             (no amulet)
HPRegen  0.07/turn              (no ring)
MPRegen  0.08/turn              (no ring)

@: no status effects
A: fire resistance 1
a: no special abilities


You were on level 2 of the Dungeon.
You were not hungry.

You visited 1 branch of the dungeon, and saw 2 of its levels.

You collected 55 gold pieces.

Inventory:

Hand Weapons
 a - a +0 long sword (weapon)
Missiles
 d - 3 throwing nets (quivered)
Armour
 c - a +0 helmet (worn)
 g - a +0 scale mail (worn)
Scrolls
 b - a scroll of enchant weapon {unknown}
 e - a scroll of fog {unknown}
 k - a scroll of identify {unknown}
Potions
 i - a potion of haste {unknown}
 j - a potion of might {unknown}
 l - a potion of brilliance {unknown}
Comestibles
 f - a ration
 h - 6 chunks of flesh


   Skills:
 + Level 2.2 Fighting
 * Level 3.0 Long Blades
 - Level 1.7 Throwing
 * Level 1.1 Armour
 * Level 3.0 Dodging


You had one spell level left.
You didn't know any spells.
Your spell library was empty.

Dungeon Overview and Level Annotations

Branches:
Dungeon (2/15)

Altars:
Elyvilon

Annotations:
D:2 Terence


Innate Abilities, Weirdness & Mutations

Your flesh is heat resistant. (rF+)


Message History

You kill the rat!
No target in view!
Found 15 gold pieces.
You now have 44 gold pieces (gained 15).
You now have 55 gold pieces (gained 11).
Terence the Incautious comes into view.
He is wielding a +4 short sword of distortion.
Terence drinks a potion.
Terence suddenly seems more resistant.
You hit Terence but do no damage. Terence hits you but does no damage.
Space bends around you.
You hit Terence but do no damage. Terence closely misses you.
You hit Terence but do no damage. Terence barely misses you.
You hit Terence but do no damage.
Terence says, "Time to say good-bye..."
Terence barely misses you. Terence hits you but does no damage.
You hit Terence but do no damage. Terence barely misses you.
You closely miss Terence.
Terence hits you with a +4 short sword of distortion.
Space warps horribly around you!!
Ouch! That really hurt!
You die...

. ### .#### .
#.. .......
#.###.......
##.#.........
#...... .....
#..#.##.....#
#####....@@.#
#.....##....#
#.###..###..#
#.###...###.#
#.#≈≈...≈≈###
#.#≈..♣..≈##
#..........##
#...♣._.♣...###
##............#


You could see Terence.

Vanquished Creatures
  2 dart slugs (D:1)
  4 bats (D:1)
  2 goblins (D:1)
  2 hobgoblins (D:1)
  4 jackals (D:2)
  A frilled lizard (D:1)
  2 kobolds (D:1)
  4 rats
21 creatures vanquished.

Notes
Turn   | Place    | Note
-------+----------+-------------------------------------------
     0 | D:1      | Borgoz the Demonspawn Gladiator began the quest for the
                  | Orb.
     0 | D:1      | Reached XP level 1. HP: 16/16 MP: 1/1
     6 | D:1      | Noticed a salamander
     6 | D:1      | Noticed a lindwurm
     6 | D:1      | Noticed a polar bear
     7 | D:1      | Noticed a wyvern
     7 | D:1      | Noticed a wolf
   214 | D:1      | Gained mutation: Your flesh is heat resistant. (rF+)
                  | [demonic ancestry]
   214 | D:1      | Reached XP level 2. HP: 21/22 MP: 2/2
   910 | D:2      | Reached skill level 1 in Armour
   938 | D:2      | Found a white marble altar of Elyvilon.
   962 | D:2      | Noticed Terence
   971 | D:2      | Mangled by Terence

Skill      XL: |  1  2 |
---------------+-------+-----
Long Blades    | 3 |  3.0
Dodging        | 3 |  3.0
Armour         | 1 |  1.1
Fighting       | |  2.2
Throwing       | |  1.7

Action                   || total
-------------------------++-------
Melee: Long sword        ||    47
Armor: Scale mail        ||    17
       Leather armour    ||     3
Dodge: Dodged            ||    35
       Rpst.: Long sword ||     8
